CAL (WIN)
WILMINGTON BLUE ROCKS @ SALEM RED SOX
12/12/2049
 
TOP OF THE 1ST
Wilmington Blue Rocks batting - Pitching for Salem Red Sox : RHP Marcos Salas
Pitching: RHP Marcos Salas
Batting: LHB Efrem Isaev 0-0: Ball
1-0: Fly out, F7 (Flyball, 78S, EV 93.1 MPH)
Batting: LHB Mike Bhatti 0-0: Ground out U3 (Groundball, 34, EV 108.1 MPH)
Batting: LHB Edgar Ortiz 0-0: Fly out, F8 (Flyball, 8LD, EV 101.3 MPH)
Top of the 1st over - 0 runs, 0 hits, 0 errors, 0 left on base; Wilmington 0 - Salem 0
BOTTOM OF THE 1ST
Salem Red Sox batting - Pitching for Wilmington Blue Rocks : LHP Bin Ya
Pitching: LHP Bin Ya
Batting: RHB Kirk Cully 0-0: Ball
1-0: Foul Ball, location: 9LSF
1-1: Swinging Strike
1-2: Strikes out looking
Batting: RHB Bob Reichley 0-0: Swinging Strike
0-1: Foul Ball, location: 2F
0-2: Ball
1-2: Ball
2-2: Foul Ball, location: 2F
2-2: Strikes out swinging
Batting: RHB Miguel Villanueva 0-0: Ball
1-0: Called Strike
1-1: Foul Ball, location: 25F
1-2: Strikes out swinging
Bottom of the 1st over - 0 runs, 0 hits, 0 errors, 0 left on base; Wilmington 0 - Salem 0
TOP OF THE 2ND
Wilmington Blue Rocks batting - Pitching for Salem Red Sox : RHP Marcos Salas
Batting: RHB Phil Hamby 0-0: Ball
1-0: Ball
2-0: Foul Ball, location: 9LSF
2-1: Swinging Strike
2-2: Foul Ball, location: 25FF
2-2: Ball
3-2: Foul Ball, location: 2F
3-2: Base on Balls
Batting: LHB Danny Zuniga 0-0: Called Strike
0-1: Ball
1-1: Ball
2-1: Foul Ball, location: 9LSFF
2-2: Ball
3-2: SINGLE (Groundball, 34D, EV 95.0 MPH)
Phil Hamby to second
Batting: LHB Danny Pacheco 0-0: Foul Ball, location: 7LDF
0-1: Ball
1-1: 3-RUN HOME RUN (Flyball, 9LD, EV 97.5 MPH), Distance : 362 ft
Batting: RHB Jonas Fernandez 0-0: Called Strike
0-1: Ball
1-1: Foul Ball, location: 25FF
1-2: Ball
2-2: Ball
3-2: Strikes out looking
Batting: SHB Glenn Harrison 0-0: Ball
1-0: Ball
2-0: Ball
3-0: Base on Balls
Batting: RHB Shura Mogilny 0-0: Ball
1-0: Called Strike
Glenn Harrison is caught stealing 2nd base 2-4
1-1: DOUBLE (Line Drive, 89D, EV 101.9 MPH)
Batting: LHB Efrem Isaev 0-0: Ball
1-0: Ground out 4-3 (Groundball, 4S, EV 71.9 MPH)
Top of the 2nd over - 3 runs, 3 hits, 0 errors, 1 left on base; Wilmington 3 - Salem 0
BOTTOM OF THE 2ND
Salem Red Sox batting - Pitching for Wilmington Blue Rocks : LHP Bin Ya
Batting: RHB Felix Rangel 0-0: Ground out 4-3 (Groundball, 4, EV 108.1 MPH)
Batting: RHB Wayne Whimster 0-0: Called Strike
0-1: Foul Ball, location: 7LSF
0-2: Foul Ball, location: 3F
0-2: Fly out, F9 (Flyball, 89S, EV 93.8 MPH)
Batting: RHB Luis Nino 0-0: Called Strike
0-1: Ball
1-1: Swinging Strike
1-2: Strikes out looking
Bottom of the 2nd over - 0 runs, 0 hits, 0 errors, 0 left on base; Wilmington 3 - Salem 0
TOP OF THE 3RD
Wilmington Blue Rocks batting - Pitching for Salem Red Sox : RHP Marcos Salas
Batting: LHB Mike Bhatti 0-0: Ball
1-0: Foul Ball, location: 7LDF
1-1: Foul Ball, location: 3F
1-2: Ball
2-2: Foul Ball, location: 5FF
2-2: Ball
3-2: Foul Ball, location: 2F
3-2: Fly out, F8 (Flyball, 8LD, EV 83.8 MPH)
Batting: LHB Edgar Ortiz 0-0: Called Strike
0-1: Ball
1-1: Ground out 5-3 (Groundball, 6S, EV 66.3 MPH)
Batting: RHB Phil Hamby 0-0: Ball
1-0: Ball
2-0: Called Strike
2-1: Foul Ball, location: 23F
2-2: Fly out, F3 (Line Drive, 34, EV 68.1 MPH)
Top of the 3rd over - 0 runs, 0 hits, 0 errors, 0 left on base; Wilmington 3 - Salem 0
BOTTOM OF THE 3RD
Salem Red Sox batting - Pitching for Wilmington Blue Rocks : LHP Bin Ya
Batting: LHB Darby Starburster 0-0: Called Strike
0-1: Swinging Strike
0-2: Strikes out swinging
Batting: LHB Alexis Toxqui 0-0: Ball
1-0: Fly out, F3 (Line Drive, 3L, EV 77.5 MPH)
Batting: LHB Makoto Shimazu 0-0: Called Strike
0-1: Ball
1-1: Foul Ball, location: 2F
1-2: Strikes out swinging
Bottom of the 3rd over - 0 runs, 0 hits, 0 errors, 0 left on base; Wilmington 3 - Salem 0
TOP OF THE 4TH
Wilmington Blue Rocks batting - Pitching for Salem Red Sox : RHP Marcos Salas
Batting: LHB Danny Zuniga 0-0: Called Strike
0-1: Ball
1-1: Swinging Strike
1-2: Foul Ball, location: 2F
1-2: Ball
2-2: Ball
3-2: Base on Balls
Batting: LHB Danny Pacheco 0-0: Called Strike
0-1: Fielders Choice at 2nd, 5-6 (Groundball, 56S, EV 91.3 MPH)
Batting: RHB Jonas Fernandez 0-0: Called Strike
0-1: Called Strike
0-2: DOUBLE (Line Drive, 9LS, EV 95.6 MPH)
Danny Pacheco to third
Batting: SHB Glenn Harrison 0-0: Ball
1-0: Swinging Strike
1-1: Ball
2-1: Ball
3-1: Foul Ball, location: 2F
3-2: Base on Balls
Batting: RHB Shura Mogilny 0-0: Ball
1-0: Ball
Wild Pitch!
Danny Pacheco scores
Jonas Fernandez to third
Glenn Harrison to second
2-0: Fly out, F6 (Line Drive, 6, EV 68.1 MPH)
Lined into DP, 6-4 (Line Drive, 6, EV 68.1 MPH)
Top of the 4th over - 1 run, 1 hit, 0 errors, 1 left on base; Wilmington 4 - Salem 0
BOTTOM OF THE 4TH
Salem Red Sox batting - Pitching for Wilmington Blue Rocks : LHP Bin Ya
Batting: RHB Kirk Cully 0-0: Foul Ball, location: 2F
0-1: Swinging Strike
0-2: Ball
1-2: Fly out, F7 (Flyball, 78S, EV 86.3 MPH)
Batting: RHB Bob Reichley 0-0: Ball
1-0: SOLO HOME RUN (Flyball, 7D, EV 100.0 MPH), Distance : 392 ft
Batting: RHB Miguel Villanueva 0-0: Ball
1-0: Called Strike
1-1: Ball
2-1: Foul Ball, location: 2F
2-2: TRIPLE (Flyball, 7D, EV 102.5 MPH)
Batting: RHB Felix Rangel 0-0: Called Strike
0-1: Called Strike
0-2: Ball
1-2: Fly out, F6 (Line Drive, 6, EV 73.8 MPH)
Batting: RHB Wayne Whimster 0-0: Ball
1-0: Ball
2-0: Foul Ball, location: 2F
2-1: Swinging Strike
2-2: Strikes out swinging
Bottom of the 4th over - 1 run, 2 hits, 0 errors, 1 left on base; Wilmington 4 - Salem 1
TOP OF THE 5TH
Wilmington Blue Rocks batting - Pitching for Salem Red Sox : RHP Marcos Salas
Batting: LHB Efrem Isaev 0-0: Ball
1-0: Called Strike
1-1: Foul Ball, location: 7LSF
1-2: Ground out 4-3 (Groundball, 34D, EV 95.0 MPH)
Batting: LHB Mike Bhatti 0-0: Foul Ball, location: 3F
0-1: Ground out 5-3 (Groundball, 56, EV 92.5 MPH)
Batting: LHB Edgar Ortiz 0-0: Called Strike
0-1: Swinging Strike
0-2: Ball
1-2: Ball
2-2: Ball
3-2: DOUBLE (Flyball, 89XD, EV 111.3 MPH)
Pitching: LHP Jessie Leslie
Batting: RHB Phil Hamby 0-0: Ground out 4-3 (Groundball, 4, EV 102.5 MPH)
Top of the 5th over - 0 runs, 1 hit, 0 errors, 1 left on base; Wilmington 4 - Salem 1
BOTTOM OF THE 5TH
Salem Red Sox batting - Pitching for Wilmington Blue Rocks : LHP Bin Ya
Batting: RHB Luis Nino 0-0: Ball
1-0: Foul Ball, location: 9LMF
1-1: Ground out 4-3 (Groundball, 4, EV 100.6 MPH)
Batting: LHB Darby Starburster 0-0: Called Strike
0-1: Called Strike
0-2: Strikes out swinging
Batting: LHB Alexis Toxqui 0-0: Ball
1-0: Called Strike
1-1: Foul Ball, location: 2F
1-2: Ball
2-2: Strikes out swinging
Bottom of the 5th over - 0 runs, 0 hits, 0 errors, 0 left on base; Wilmington 4 - Salem 1
TOP OF THE 6TH
Wilmington Blue Rocks batting - Pitching for Salem Red Sox : LHP Jessie Leslie
Batting: LHB Danny Zuniga 0-0: Fly out, F7 (Flyball, 78S, EV 95.0 MPH)
Batting: LHB Danny Pacheco 0-0: SINGLE (Flyball, 9S, EV 100.6 MPH)
Batting: RHB Jonas Fernandez 0-0: Called Strike
0-1: Ball
1-1: Fly out, F9 (Flyball, 9LS, EV 90.6 MPH)
Batting: SHB Glenn Harrison 0-0: Ball
1-0: Ball
2-0: Foul Ball, location: 25F
2-1: Foul Ball, location: 25F
2-2: Foul Ball, location: 2F
2-2: DOUBLE (Line Drive, 78XD, EV 101.9 MPH)
Danny Pacheco to third
Batting: RHB Shura Mogilny 0-0: Ball
1-0: Fly out, F8 (Flyball, 89S, EV 93.1 MPH)
Top of the 6th over - 0 runs, 2 hits, 0 errors, 2 left on base; Wilmington 4 - Salem 1
BOTTOM OF THE 6TH
Salem Red Sox batting - Pitching for Wilmington Blue Rocks : LHP Bin Ya
Batting: LHB Makoto Shimazu 0-0: Called Strike
0-1: Ball
1-1: Called Strike
1-2: Ball
2-2: Strikes out swinging
Batting: RHB Kirk Cully 0-0: Ground out 4-3 (Groundball, 4, EV 102.5 MPH)
Batting: RHB Bob Reichley 0-0: SINGLE (Line Drive, 8LS, EV 103.8 MPH)
Batting: RHB Miguel Villanueva 0-0: Ball
1-0: Ball
2-0: Ball
3-0: Called Strike
3-1: Base on Balls
Bob Reichley to second
Pitching: RHP Jordan Viveros
Batting: RHB Felix Rangel 0-0: Called Strike
0-1: Ball
1-1: Ball
2-1: Swinging Strike
2-2: DOUBLE (Line Drive, 7LM, EV 97.5 MPH)
Bob Reichley scores
Miguel Villanueva to third
Batting: RHB Wayne Whimster 0-0: Swinging Strike
0-1: Called Strike
0-2: Strikes out swinging
Bottom of the 6th over - 1 run, 2 hits, 0 errors, 2 left on base; Wilmington 4 - Salem 2
TOP OF THE 7TH
Wilmington Blue Rocks batting - Pitching for Salem Red Sox : LHP Jessie Leslie
Batting: LHB Efrem Isaev 0-0: Ball
1-0: Swinging Strike
1-1: Ball
2-1: Ball
3-1: Foul Ball, location: 2F
3-2: DOUBLE (Line Drive, 9LS, EV 106.9 MPH)
Batting: RHB Carlos Almada 0-0: Ball
1-0: Ground out U3 (Groundball, 34, EV 89.4 MPH)
Efrem Isaev to third
Batting: LHB Edgar Ortiz 0-0: Swinging Strike
0-1: Foul Ball, location: 2F
0-2: Foul Ball, location: 3F
0-2: Ball
1-2: Ball
2-2: Foul Ball, location: 2F
2-2: Strikes out swinging
Batting: RHB Phil Hamby 0-0: Ball
1-0: Foul Ball, location: 2F
1-1: Hit by Pitch
Batting: LHB Danny Zuniga 0-0: Ball
1-0: Foul Ball, location: 2F
1-1: Ground out 4-3 (Groundball, 4, EV 84.4 MPH)
Top of the 7th over - 0 runs, 1 hit, 0 errors, 2 left on base; Wilmington 4 - Salem 2
BOTTOM OF THE 7TH
Salem Red Sox batting - Pitching for Wilmington Blue Rocks : RHP Jordan Viveros
Pinch Hitting: RHB Bakhtiar Asadov 0-0: Ball
1-0: Swinging Strike
1-1: Ball
2-1: Called Strike
2-2: Strikes out looking
Batting: LHB Darby Starburster 0-0: Foul Ball, location: 23F
0-1: Ground out 6-3 (Groundball, 6, EV 81.9 MPH)
Batting: LHB Alexis Toxqui 0-0: Foul Ball, location: 23F
0-1: Foul Ball, location: 7LSF
0-2: Strikes out swinging
Bottom of the 7th over - 0 runs, 0 hits, 0 errors, 0 left on base; Wilmington 4 - Salem 2
TOP OF THE 8TH
Wilmington Blue Rocks batting - Pitching for Salem Red Sox : LHP Jessie Leslie
Pitching: RHP Ross Ratcliffe
Now at 2B: Willie Camacho
Batting: LHB Danny Pacheco 0-0: Fly out, F7 (Flyball, 78S, EV 90.0 MPH)
Batting: RHB Jonas Fernandez 0-0: Swinging Strike
0-1: Ball
1-1: Ground out 5-3 (Groundball, 56, EV 86.9 MPH)
Batting: SHB Glenn Harrison 0-0: Ball
1-0: Ball
2-0: Ball
3-0: Called Strike
3-1: Base on Balls
Pitching: RHP Chris Hallman
Batting: RHB Shura Mogilny 0-0: Foul Ball, location: 2F
0-1: Foul Ball, location: 9LSF
0-2: SINGLE (Groundball, 15, EV 70.6 MPH) (infield hit)
Glenn Harrison to second
Batting: LHB Efrem Isaev 0-0: Called Strike
0-1: Ball
1-1: Swinging Strike
1-2: Strikes out looking
Top of the 8th over - 0 runs, 1 hit, 0 errors, 2 left on base; Wilmington 4 - Salem 2
BOTTOM OF THE 8TH
Salem Red Sox batting - Pitching for Wilmington Blue Rocks : RHP Jordan Viveros
Batting: LHB Makoto Shimazu 0-0: Ball
1-0: Called Strike
1-1: Ball
2-1: Ground out 4-3 (Groundball, 4, EV 88.1 MPH)
Batting: RHB Kirk Cully 0-0: Called Strike
0-1: Ball
1-1: Ball
2-1: Called Strike
2-2: Ball
3-2: Foul Ball, location: 5F
3-2: Strikes out swinging
Pinch Hitting: LHB Eric Gaugler 0-0: Ball
1-0: Swinging Strike
1-1: Ball
2-1: Foul Ball, location: 2F
2-2: Strikes out swinging
Bottom of the 8th over - 0 runs, 0 hits, 0 errors, 0 left on base; Wilmington 4 - Salem 2
TOP OF THE 9TH
Wilmington Blue Rocks batting - Pitching for Salem Red Sox : RHP Chris Hallman
Now at 1B: Chris Zubia
Batting: RHB Carlos Almada 0-0: Ball
1-0: Ground out 6-3 (Groundball, 6, EV 106.9 MPH)
Batting: LHB Edgar Ortiz 0-0: Ball
1-0: Ball
2-0: Swinging Strike
2-1: Foul Ball, location: 2F
2-2: Strikes out swinging
Batting: RHB Phil Hamby 0-0: Foul Ball, location: 25F
0-1: SINGLE (Groundball, 4MD, EV 108.1 MPH)
Batting: LHB Danny Zuniga 0-0: Called Strike
Phil Hamby is caught stealing 2nd base 2-6
Top of the 9th over - 0 runs, 1 hit, 0 errors, 0 left on base; Wilmington 4 - Salem 2
BOTTOM OF THE 9TH
Salem Red Sox batting - Pitching for Wilmington Blue Rocks : RHP Jordan Viveros
Pitching: RHP Brian Hunt
Batting: RHB Miguel Villanueva 0-0: Foul Ball, location: 3F
0-1: Called Strike
0-2: Strikes out swinging
Batting: RHB Felix Rangel 0-0: Ball
1-0: Ball
2-0: Ball
3-0: Base on Balls
Pinch Hitting: RHB Mo Tsang 0-0: SINGLE (Groundball, 34S, EV 71.9 MPH) (infield hit)
Felix Rangel to second
Batting: RHB Willie Camacho 0-0: Called Strike
0-1: Ball
1-1: Called Strike
1-2: Strikes out swinging
Pinch Hitting: RHB Ryan Davis 0-0: Ball
1-0: Foul Ball, location: 2F
1-1: Called Strike
1-2: Strikes out swinging
Bottom of the 9th over - 0 runs, 1 hit, 0 errors, 2 left on base; Wilmington 4 - Salem 2
Sunday, July 16th , 2023 - OOTP Baseball 24.6 Build 69